EL
MISSISSIPPI BRAVES @ COLUMBIA FIREFLIES
08/05/2047
 
TOP OF THE 1ST
Mississippi Braves batting - Pitching for Columbia Fireflies : RHP Austin Kuhn
Pitching: RHP Austin Kuhn
Batting: RHB Edgar Castillo 0-0: Called Strike
0-1: Ball
1-1: SINGLE (Groundball, 6MS, EV 65.0 MPH) (infield hit)
Batting: SHB Richello Badua 0-0: Ball
Edgar Castillo steals 2nd base
1-0: Ball
2-0: Ball
3-0: SINGLE (Groundball, 4M, EV 104.4 MPH) (infield hit)
Edgar Castillo to third
Batting: LHB Art D'Ascenzo 0-0: Reached on error, E5 (Groundball, 56, EV 107.5 MPH)
Edgar Castillo scores
Richello Badua to second
Batting: LHB Oke Monti 0-0: Ball
1-0: Called Strike
1-1: Foul Ball, location: 2F
1-2: Foul Ball, location: 2F
1-2: Grounds into double play, 4-6-3 (Groundball, 4MD, EV 95.0 MPH)
Richello Badua to third
Batting: RHB Corey Dalton 0-0: Ball
1-0: Ball
2-0: Ball
3-0: Called Strike
3-1: Base on Balls
Batting: LHB Ryan Murdock 0-0: Called Strike
0-1: Ground out 4-3 (Groundball, 34S, EV 78.8 MPH)
Top of the 1st over - 1 run, 2 hits, 1 error, 2 left on base; Mississippi 1 - Columbia 0
BOTTOM OF THE 1ST
Columbia Fireflies batting - Pitching for Mississippi Braves : LHP Eduardo Baez
Pitching: LHP Eduardo Baez
Batting: SHB Raul Morales 0-0: Ball
1-0: Ground out 4-3 (Groundball, 4, EV 89.4 MPH)
Batting: LHB Jamel Alexander 0-0: Called Strike
0-1: Foul Ball, location: 2F
0-2: Ball
1-2: Ground out 4-3 (Groundball, 34, EV 87.5 MPH)
Batting: RHB Masaya Nakamura 0-0: Ball
1-0: SINGLE (Groundball, 6MD, EV 99.4 MPH)
Batting: RHB Bobby Coulombe 0-0: Ball
1-0: Ball
2-0: Ball
3-0: Base on Balls
Masaya Nakamura to second
Batting: SHB Jason Evans 0-0: Called Strike
0-1: Ball
1-1: Ball
2-1: Foul Ball, location: 2F
2-2: Fly out, F1 (Line Drive, P, EV 68.8 MPH)
Bottom of the 1st over - 0 runs, 1 hit, 0 errors, 2 left on base; Mississippi 1 - Columbia 0
TOP OF THE 2ND
Mississippi Braves batting - Pitching for Columbia Fireflies : RHP Austin Kuhn
Batting: RHB Alex Velasquez 0-0: Ground out 3-1 (Groundball, 34, EV 86.9 MPH)
Batting: RHB Ingidayehu Lagat 0-0: Foul Ball, location: 2F
0-1: Foul Ball, location: 2F
0-2: Fly out, F9 (Flyball, 89S, EV 87.5 MPH)
Batting: RHB Adrian Billups 0-0: Ball
1-0: Foul Ball, location: 2F
1-1: Swinging Strike
1-2: Ball
2-2: Ball
3-2: Foul Ball, location: 2F
3-2: Strikes out swinging
Top of the 2nd over - 0 runs, 0 hits, 0 errors, 0 left on base; Mississippi 1 - Columbia 0
BOTTOM OF THE 2ND
Columbia Fireflies batting - Pitching for Mississippi Braves : LHP Eduardo Baez
Batting: RHB Dan Muse 0-0: Called Strike
0-1: Foul Ball, location: 2F
0-2: Foul Ball, location: 2F
0-2: Ball
1-2: Ball
2-2: Strikes out swinging
Batting: SHB Justin Wallace 0-0: Called Strike
0-1: Foul Ball, location: 2F
0-2: Strikes out looking
Batting: RHB Jeff MacPhee 0-0: Called Strike
0-1: Ball
1-1: Foul Ball, location: 2F
1-2: Ground out 6-3 (Groundball, 6, EV 111.9 MPH)
Bottom of the 2nd over - 0 runs, 0 hits, 0 errors, 0 left on base; Mississippi 1 - Columbia 0
TOP OF THE 3RD
Mississippi Braves batting - Pitching for Columbia Fireflies : RHP Austin Kuhn
Batting: RHB Edgar Castillo 0-0: Foul Ball, location: 2F
0-1: Ball
1-1: Ground out 5-3 (Groundball, 56, EV 85.6 MPH)
Batting: SHB Richello Badua 0-0: Ball
1-0: Ball
2-0: Foul Ball, location: 2F
2-1: Fly out, F9 (Line Drive, 89M, EV 93.1 MPH)
Batting: LHB Art D'Ascenzo 0-0: Foul Ball, location: 2F
0-1: Foul Ball, location: 2F
0-2: Strikes out swinging
Top of the 3rd over - 0 runs, 0 hits, 0 errors, 0 left on base; Mississippi 1 - Columbia 0
BOTTOM OF THE 3RD
Columbia Fireflies batting - Pitching for Mississippi Braves : LHP Eduardo Baez
Batting: RHB David Reyna 0-0: Called Strike
0-1: Called Strike
0-2: Ball
1-2: Ground out 6-3 (Groundball, 6S, EV 70.0 MPH)
Batting: SHB Raul Morales 0-0: Ball
1-0: Ball
2-0: Ground out 5-3 (Groundball, 56, EV 107.5 MPH)
Batting: LHB Jamel Alexander 0-0: Ball
1-0: Foul Ball, location: 2F
1-1: Ball
2-1: Foul Ball, location: 2F
2-2: Foul Ball, location: 2F
2-2: Ball
3-2: SINGLE (Line Drive, 34, EV 109.4 MPH)
Batting: RHB Masaya Nakamura 0-0: Ball
1-0: Ball
2-0: Called Strike
2-1: SINGLE (Line Drive, 3D, EV 100.6 MPH)
Jamel Alexander to second
Batting: RHB Bobby Coulombe 0-0: Called Strike
0-1: DOUBLE (Line Drive, 7LM, EV 106.2 MPH)
Jamel Alexander scores
Masaya Nakamura to third
Pinch Runner at 2nd Koen van Oort:
Batting: SHB Jason Evans 0-0: Ground out 4-3 (Groundball, 4, EV 90.0 MPH)
Bottom of the 3rd over - 1 run, 3 hits, 0 errors, 2 left on base; Mississippi 1 - Columbia 1
TOP OF THE 4TH
Mississippi Braves batting - Pitching for Columbia Fireflies : RHP Austin Kuhn
Now at SS: Koen van Oort
Batting: LHB Oke Monti 0-0: Swinging Strike
0-1: Ball
1-1: Ball
2-1: Swinging Strike
2-2: SINGLE (Line Drive, 7LM, EV 93.8 MPH)
Batting: RHB Corey Dalton 0-0: Fly out, F3 (Popup, 3SF, EV 83.1 MPH)
Batting: LHB Ryan Murdock 0-0: Foul Ball, location: 2F
0-1: Ball
1-1: Called Strike
1-2: Foul Ball, location: 2F
1-2: Ball
2-2: 2-RUN HOME RUN (Flyball, 89XD, EV 101.2 MPH), Distance : 392 ft
Batting: RHB Alex Velasquez 0-0: Fly out, F8 (Flyball, 89M, EV 90.0 MPH)
Batting: RHB Ingidayehu Lagat 0-0: Called Strike
0-1: Foul Ball, location: 2F
0-2: Ground out 5-3 (Groundball, 5L, EV 96.9 MPH)
Top of the 4th over - 2 runs, 2 hits, 0 errors, 0 left on base; Mississippi 3 - Columbia 1
BOTTOM OF THE 4TH
Columbia Fireflies batting - Pitching for Mississippi Braves : LHP Eduardo Baez
Batting: RHB Dan Muse 0-0: Called Strike
0-1: Swinging Strike
0-2: Foul Ball, location: 2F
0-2: Foul Ball, location: 2F
0-2: Foul Ball, location: 2F
0-2: Ball
1-2: Foul Ball, location: 2F
1-2: Ball
2-2: Ball
3-2: Strikes out swinging
Batting: SHB Justin Wallace 0-0: Ball
1-0: Ball
2-0: Ground out 5-3 (Groundball, 5L, EV 103.8 MPH)
Batting: RHB Jeff MacPhee 0-0: Ball
1-0: SINGLE (Groundball, 56S, EV 62.5 MPH) (infield hit)
Batting: RHB David Reyna 0-0: Ball
1-0: Foul Ball, location: 2F
1-1: Ball
2-1: Ball
3-1: Foul Ball, location: 2F
3-2: Foul Ball, location: 2F
3-2: Strikes out swinging
Bottom of the 4th over - 0 runs, 1 hit, 0 errors, 1 left on base; Mississippi 3 - Columbia 1
TOP OF THE 5TH
Mississippi Braves batting - Pitching for Columbia Fireflies : RHP Austin Kuhn
Batting: RHB Adrian Billups 0-0: Called Strike
0-1: Swinging Strike
0-2: Ground out 5-3 (Groundball, 56, EV 90.0 MPH)
Batting: RHB Edgar Castillo 0-0: Swinging Strike
0-1: Ball
1-1: Called Strike
1-2: Foul Ball, location: 2F
1-2: Ground out 6-3 (Groundball, 6, EV 86.9 MPH)
Batting: SHB Richello Badua 0-0: Ball
1-0: Foul Ball, location: 2F
1-1: Ball
2-1: Ground out 4-3 (Groundball, 4MD, EV 103.8 MPH)
Top of the 5th over - 0 runs, 0 hits, 0 errors, 0 left on base; Mississippi 3 - Columbia 1
BOTTOM OF THE 5TH
Columbia Fireflies batting - Pitching for Mississippi Braves : LHP Eduardo Baez
Batting: SHB Raul Morales 0-0: Ball
1-0: Ball
2-0: Ground out 5-3 (Groundball, 56S, EV 70.0 MPH)
Batting: LHB Jamel Alexander 0-0: Foul Ball, location: 2F
0-1: Foul Ball, location: 2F
0-2: Ball
1-2: Ball
2-2: Strikes out swinging
Batting: RHB Masaya Nakamura 0-0: Ball
1-0: Foul Ball, location: 2F
1-1: Ball
2-1: SINGLE (Groundball, 6MD, EV 101.9 MPH)
Batting: RHB Koen van Oort 0-0: Called Strike
0-1: Called Strike
0-2: Ground out 5-3 (Groundball, 56, EV 102.5 MPH)
Bottom of the 5th over - 0 runs, 1 hit, 0 errors, 1 left on base; Mississippi 3 - Columbia 1
TOP OF THE 6TH
Mississippi Braves batting - Pitching for Columbia Fireflies : RHP Austin Kuhn
Batting: LHB Art D'Ascenzo 0-0: Foul Ball, location: 2F
0-1: Ball
1-1: Ball
2-1: Called Strike
2-2: Foul Ball, location: 2F
2-2: Fly out, F4 (Line Drive, 4, EV 74.4 MPH)
Batting: LHB Oke Monti 0-0: Called Strike
0-1: Swinging Strike
0-2: Strikes out looking
Batting: RHB Corey Dalton 0-0: Ball
1-0: Ball
2-0: Ball
3-0: Base on Balls
Batting: LHB Ryan Murdock 0-0: Ball
1-0: Ground out 5-3 (Groundball, 56S, EV 81.9 MPH)
Top of the 6th over - 0 runs, 0 hits, 0 errors, 1 left on base; Mississippi 3 - Columbia 1
BOTTOM OF THE 6TH
Columbia Fireflies batting - Pitching for Mississippi Braves : LHP Eduardo Baez
Batting: SHB Jason Evans 0-0: Called Strike
0-1: Swinging Strike
0-2: Ball
1-2: Fly out, F7 (Flyball, 7, EV 90.0 MPH)
Batting: RHB Dan Muse 0-0: Ball
1-0: Fly out, F8 (Flyball, 78M, EV 98.1 MPH)
Batting: SHB Justin Wallace 0-0: Called Strike
0-1: Swinging Strike
0-2: Foul Ball, location: 2F
0-2: Ball
1-2: Strikes out looking
Bottom of the 6th over - 0 runs, 0 hits, 0 errors, 0 left on base; Mississippi 3 - Columbia 1
TOP OF THE 7TH
Mississippi Braves batting - Pitching for Columbia Fireflies : RHP Austin Kuhn
Batting: RHB Alex Velasquez 0-0: Ball
1-0: Ball
2-0: Ball
3-0: Called Strike
3-1: Foul Ball, location: 2F
3-2: Strikes out looking
Batting: RHB Ingidayehu Lagat 0-0: Ball
1-0: Ball
2-0: Called Strike
2-1: Swinging Strike
2-2: Ball
3-2: Strikes out looking
Batting: RHB Adrian Billups 0-0: Ball
1-0: Called Strike
1-1: Called Strike
1-2: Ball
2-2: Foul Ball, location: 2F
2-2: Ball
3-2: Base on Balls
Pitching: RHP Marvin Merino
Batting: RHB Edgar Castillo 0-0: Ball
1-0: Ball
2-0: Ground out 5-3 (Groundball, 15, EV 86.2 MPH)
Top of the 7th over - 0 runs, 0 hits, 0 errors, 1 left on base; Mississippi 3 - Columbia 1
BOTTOM OF THE 7TH
Columbia Fireflies batting - Pitching for Mississippi Braves : LHP Eduardo Baez
Pitching: LHP Andy Gaiser
Batting: RHB Jeff MacPhee 0-0: Called Strike
0-1: Ball
1-1: Called Strike
1-2: Strikes out swinging
Batting: RHB David Reyna 0-0: Called Strike
0-1: Called Strike
0-2: Ball
1-2: Fly out, F7 (Flyball, 7D, EV 90.6 MPH)
Batting: SHB Raul Morales 0-0: Ball
1-0: Ball
2-0: Ground out 6-3 (Groundball, 6, EV 104.4 MPH)
Bottom of the 7th over - 0 runs, 0 hits, 0 errors, 0 left on base; Mississippi 3 - Columbia 1
TOP OF THE 8TH
Mississippi Braves batting - Pitching for Columbia Fireflies : RHP Marvin Merino
Batting: SHB Richello Badua 0-0: Ball
1-0: Ground out 5-3 (Groundball, 5, EV 82.5 MPH)
Batting: LHB Art D'Ascenzo 0-0: Swinging Strike
0-1: Ball
1-1: Foul Ball, location: 2F
1-2: Foul Ball, location: 2F
1-2: Ball
2-2: Strikes out swinging
Batting: LHB Oke Monti 0-0: Foul Ball, location: 2F
0-1: Ball
1-1: Ball
2-1: Swinging Strike
2-2: Strikes out looking
Top of the 8th over - 0 runs, 0 hits, 0 errors, 0 left on base; Mississippi 3 - Columbia 1
BOTTOM OF THE 8TH
Columbia Fireflies batting - Pitching for Mississippi Braves : LHP Andy Gaiser
Batting: LHB Jamel Alexander 0-0: Fly out, F6 (Line Drive, 56, EV 62.5 MPH)
Batting: RHB Masaya Nakamura 0-0: Foul Ball, location: 2F
0-1: Swinging Strike
0-2: Foul Ball, location: 2F
0-2: Ball
1-2: Strikes out swinging
Batting: RHB Koen van Oort 0-0: SINGLE (Groundball, 5S, EV 66.2 MPH) (infield hit)
Batting: SHB Jason Evans 0-0: Called Strike
0-1: Ball
1-1: Called Strike
1-2: Ball
2-2: Strikes out looking
Bottom of the 8th over - 0 runs, 1 hit, 0 errors, 1 left on base; Mississippi 3 - Columbia 1
TOP OF THE 9TH
Mississippi Braves batting - Pitching for Columbia Fireflies : RHP Marvin Merino
Pitching: LHP Ken Dewey
Batting: RHB Corey Dalton 0-0: Ground out 6-3 (Groundball, 6, EV 85.0 MPH)
Batting: LHB Ryan Murdock 0-0: Ball
1-0: Ball
2-0: Ball
3-0: Called Strike
3-1: Swinging Strike
3-2: Ground out U3 (Groundball, 34, EV 103.8 MPH)
Batting: RHB Alex Velasquez 0-0: Called Strike
0-1: Foul Ball, location: 2F
0-2: SINGLE (Groundball, 4D, EV 101.2 MPH)
Batting: RHB Ingidayehu Lagat 0-0: Called Strike
0-1: Ball
1-1: Foul Ball, location: 2F
1-2: Strikes out swinging
Top of the 9th over - 0 runs, 1 hit, 0 errors, 1 left on base; Mississippi 3 - Columbia 1
BOTTOM OF THE 9TH
Columbia Fireflies batting - Pitching for Mississippi Braves : LHP Andy Gaiser
Pitching: RHP Brian Bailes
Now at 1B: Jamie Roberts
Batting: RHB Dan Muse 0-0: Ball
1-0: Ground out 6-3 (Groundball, 56, EV 87.5 MPH)
Batting: SHB Justin Wallace 0-0: Called Strike
0-1: Foul Ball, location: 2F
0-2: Strikes out looking
Pinch Hitting: LHB Adam Hairston 0-0: Called Strike
0-1: Ball
1-1: Foul Ball, location: 2F
1-2: Foul Ball, location: 2F
1-2: Foul Ball, location: 2F
1-2: Strikes out swinging
Bottom of the 9th over - 0 runs, 0 hits, 0 errors, 0 left on base; Mississippi 3 - Columbia 1
Thursday, December 15th , 2022 - OOTP Baseball 23.9 Build 102